cohdb
Replays
Latest Replays
All Replays
Popular Replays
Top Player Replays
Match Explorer
How It Works
Community
CoH3 Stats
Reddit
Sign in to upload your games and track your stats! →
Sign in with Steam
Match 44291364
Unlisted
Match 44291364
Overview
Messages
Build Orders
End
Construct Barracks
1⁄4-ton 4x4 Truck
Selects Heavy Weapons
Riflemen Squad
Riflemen Squad
Riflemen Squad
Infantry Support Center
Construct Motor Pool
M8 Greyhound Armored Car
Selects M2HB .50cal Heavy Machine Gun
Selects Assault Carriers
Engineer Squad
M1918 Browning Automatic Rifles
M24 Chaffee Light Tank
Selects Exchangeable Parts
M1 Anti-tank Gun Team
M1 Anti-tank Gun Team
Survival Training
Advanced Logistics
Grenade Package
Demolitions Package
Selects M26 Pershing Heavy Tank
M26 Pershing Heavy Tank
Engineer Squad
Symbiosis
CAuMOH
Pin0kyo
Ermac[Pointrunner]
0
0
Comments
sign in to comment!
No comments posted yet!